 Dungeon Crawl Stone Soup version 0.32-a0 (webtiles) character file.

Game seed: 11971050051823785141

28459 Salticid the Fighter (level 13, -7/105 HPs)
             Began as a Djinni Fire Elementalist on Jan 13, 2024.
             Was a High Priest of Makhleb.
             Mangled by a minotaur
             ... wielding a +0 battleaxe
              (29 damage)
             ... in a Gauntlet.
             The game lasted 01:22:52 (14649 turns).

Salticid the Fighter (Djinni Fire Elementalist)    Turns: 14649, Time: 01:22:52

Health: -7/105     AC: 20    Str:  7    XL:     13   Next: 73%
Gold:   445        EV:  9    Int: 28    God:    Makhleb [*****.] SH: 10 Dex: 14

rFire   + + .        T - +3 demon blade (freeze)
rCold   . . .        W - +2 kite shield {rC+}
rNeg    . . .        N - +0 acid dragon scales
rPois   ∞            q - +2 helmet
rElec   .            H - +2 cloak {rCorr}
rCorr   +            (no gloves)
SInv    .            (boots unavailable)
Will    +....        (no amulet)
Stlth   +            R - +6 ring of intelligence
HPRegen 0.37/turn    a - ring of the Tortoise {AC+8}
MPRegen 0.00/turn

%: no teleportation, infuse magic (-8 HP)
@: flying, invisible
A: sickness immunity, fire resistance 2, cold vulnerability 1, float, innate
caster, HP casting, extra vitality 1
a: Renounce Religion, Minor Destruction, Lesser Servant of Makhleb, Major
Destruction, Greater Servant of Makhleb


You were in a Gauntlet.
You worshipped Makhleb.
Makhleb was extremely pleased with you.
You visited 3 branches of the dungeon, and saw 14 of its levels.
You also visited: Gauntlet and Ice Cave.

You collected 704 gold pieces.
You spent 259 gold pieces at shops.

Inventory:

Hand Weapons
 h - a +0 heavy arbalest
 l - a +0 demon whip of venom
 w - a +3 dagger
 z - a +4 trident of draining
 G - a +4 quarterstaff of chaos
 K - the +0 short sword of Sypsumma {flame, rPois Int+2}
   (You found it on level 8 of the Dungeon)

   Int+2:     It affects your intelligence (+2).
   rPois:     It protects you from poison
 P - the +0 long sword of Lapihisa {holy, +Blink Str-3 Dex+5}
   (You found it on level 10 of the Dungeon)

   Str-3:     It affects your strength (-3).
   Dex+5:     It affects your dexterity (+5).
   +Blink:    It lets you blink.
 T - a +3 demon blade of freezing (weapon)
Missiles
 x - 3 curare-tipped darts
 F - 28 poisoned darts
Armour
 c - a +1 hat of stealth
 e - a +1 leather armour of positive energy
 q - a +2 helmet (worn)
 r - a +0 buckler
 C - a +3 scale mail
 H - a +2 cloak of preservation (worn)
 I - an orb of mayhem
 N - +0 acid dragon scales (worn)
 O - a +2 scale mail of cold resistance
 U - a +0 tower shield of cold resistance
 W - a +2 kite shield of cold resistance (worn)
Magical Staves
 s - a staff of alchemy
Jewellery
 a - the ring of the Tortoise (right hand) {AC+8}
   (You found it in a Gauntlet)

   [ring of protection]

   AC+8:      It affects your AC (+8).
 d - the ring "Tifichue" {Ice Str+2 Dex+2}
   (You found it in a Gauntlet)

   [ring of ice]

   Ice:       It enhances your ice magic.
   Str+2:     It affects your strength (+2).
   Dex+2:     It affects your dexterity (+2).
   rF-:       It makes you vulnerable to fire.
   rC+:       It protects you from cold.
 o - a ring of protection from fire
 J - a +6 ring of intelligence
 R - a +6 ring of intelligence (left hand)
 V - the ring "Exicief" {rC+ Str+2}
   (You found it in an ice cave)

   [ring of protection from cold]

   Str+2:     It affects your strength (+2).
   rC+:       It protects you from cold.
Wands
 A - a wand of charming (10)
 D - a wand of acid (2)
 Q - a wand of mindburst (3)
Scrolls
 b - 2 scrolls of enchant armour
 i - 8 scrolls of teleportation
 t - a scroll of vulnerability
 B - 2 scrolls of enchant weapon {unknown}
 M - a scroll of fog {unknown}
 S - a scroll of poison {unknown}
Potions
 f - 3 potions of curing
 m - 2 potions of might
 p - a potion of lignification
 v - a potion of heal wounds {unknown}
 E - 3 potions of mutation
 L - a potion of enlightenment


   Skills:
 + Level 14.1 Fighting
 - Level 4.0 Long Blades
 - Level 4.0 Maces & Flails
 - Level 4.0 Dodging
 - Level 1.5 Stealth
 * Level 3.1 Shields
 + Level 11.3 Spellcasting
 + Level 11.3 Conjurations
 + Level 11.3 Hexes
 + Level 11.3 Summonings
 + Level 11.3 Necromancy
 + Level 11.3 Translocations
 + Level 11.3 Fire Magic
 + Level 11.3 Ice Magic
 + Level 11.3 Air Magic
 + Level 11.3 Earth Magic
 + Level 11.3 Alchemy
 + Level 6.7 Invocations


You knew the following spells:

 Your Spells              Type           Power      Damage    Failure   Level
a - Foxfire               Conj/Fire      100%       2x1d9     1%          1
b - Scorch                Fire           100%       2d9       1%          2
c - Volatile Blastmotes   Fire/Tloc      100%       2d18      1%          3
d - Inner Flame           Hex/Fire       68%        N/A       1%          3
e - Flame Wave            Conj/Fire      68%        2d15      4%          4
f - Magic Dart            Conj           100%       1d8       1%          1
g - Static Discharge      Conj/Air       100%       3-8/arc   1%          2
h - Passwall              Erth           68%        N/A       1%          3
i - Frozen Ramparts       Ice            100%       1d16      1%          3
j - Fulminant Prism       Conj/Alch      34%        3d16      4%          4
k - Lee's Rapid Deconstr  Erth           34%        3d17*     12%         5
Your spell library was empty.

Dungeon Overview and Level Annotations

Branches:
Dungeon (12/15)            Temple (1/1) D:4            Lair (1/5) D:9
    Orc (0/2) D:10          IceCv (visited)         Gauntlet (1/1)

Altars:
Ashenzari
Cheibriados
Dithmenos
Elyvilon
Fedhas
Gozag
Hepliaklqana
Makhleb
Nemelex Xobeh
Okawaru
Qazlal
Ru
Trog
Uskayaw
Wu Jian
Xom
Yredelemnul
Zin
The Shining One

Shops:
D:1 ?   D:2 (*[*   D:5 *   D:9 ((

Annotations:
D:9 2 transporters, Borsukrates's ghost, novice TeSh Gauntlet 6 transporters, 1 runed translucent door


Innate Abilities, Weirdness & Mutations

You are immune to sickness and miasma.
You are immune to poison.
Your flesh is very heat resistant. (rF++)
You are vulnerable to cold. (rC-)
You float through the air rather than walking.
You learn spells naturally, not from books.
Your magical power is your life essence.
You have superior vitality. (+4 MHP)


Message History

The curare-tipped dart completely misses the minotaur.
Aiming: Mindburst
Press: ? - help, Q - select action, (/) - cycle Shift-Dir - straight line, f/p - minotaur
Aim: a minotaur, wielding a +0 battleaxe, wearing the +6 plate armour of Indecent Exposure {rPois rCorr Int+4}, wearing the ring of Vepn {Ice Int+4 Slay+3} and quivering javelins (severely wounded, chance to affect: 6%)
Okay, then.
You fade into invisibility!
The minotaur hits you with a +0 battleaxe!!
* * * LOW HITPOINT WARNING * * *
The minotaur barely misses you.
You feel better.
The minotaur hits you with a +0 battleaxe!!
* * * LOW HITPOINT WARNING * * *
The minotaur closely misses you.
Read: 2 scrolls of fear
Press: ? - help, Q - select action, (/) - cycle Dir - look around, f - activate Look: a minotaur, wielding a +0 battleaxe, wearing the +6 plate armour of Indecent Exposure {rPois rCorr Int+4}, wearing the ring of Vepn {Ice Int+4 Slay+3} and quivering javelins (severely wounded, unable to see you, chance to affect: 47%)
Okay, then.
Read: 2 scrolls of fear
Press: ? - help, Q - select action, (/) - cycle Dir - look around, f - activate Look: a minotaur, wielding a +0 battleaxe, wearing the +6 plate armour of Indecent Exposure {rPois rCorr Int+4}, wearing the ring of Vepn {Ice Int+4 Slay+3} and quivering javelins (severely wounded, unable to see you, chance to affect: 47%)
As you read the scroll of fear, it crumbles to dust.
You assume a fearsome visage.
The minotaur looks frightened!
You feel better.
You feel better.
Throw: 4 darts (curare)
Press: ? - help, Shift-Dir - straight line, f/p - minotaur
Aim: a minotaur, wielding a +0 battleaxe, wearing the +6 plate armour of Indecent Exposure {rPois rCorr Int+4}, wearing the ring of Vepn {Ice Int+4 Slay+3} and quivering javelins (severely wounded, unable to see you, fleeing, 77% to hit)
You throw a curare-tipped dart.
The curare-tipped dart hits the minotaur.
Your attack snaps the minotaur out of its fear.
The minotaur is severely wounded.
Read: scroll of fear
Press: ? - help, Q - select action, (/) - cycle Dir - look around, f - activate Look: a minotaur, wielding a +0 battleaxe, wearing the +6 plate armour of Indecent Exposure {rPois rCorr Int+4}, wearing the ring of Vepn {Ice Int+4 Slay+3} and quivering javelins (severely wounded, unable to see you, chance to affect: 47%)
As you read the scroll of fear, it crumbles to dust.
You assume a fearsome visage.
The minotaur resists with some effort.
The minotaur hits you with a +0 battleaxe!!
You die...

..##.##.8.###.###9#####©
#....##...##..#©#Y....#.
..##.##....8.#...#!#####.#.
#....##.##...#.∩.#=?.9Y9.#.
######....##.©.#...#########.
#∩...'.##......#.8.....#.....
########.##.##.©.#...#########.
#..##.##...(##...#.∩.#.......#.
##....##*##(..@8.#...#.####..#.
##.##....##.##H..##..#^..^.#.#.
#..##.##....##.8.###.####©^#.#©
##....##.##...(..##≈.#...#.#.##
####....##.##.8.#≈≈.##..#.#.#.
##########...##≈.#©#.#^..#.
#######.#########.
#≈........... #≈≈≈#≈≈≈#≈≈≈#≈


You could see a minotaur (unable to see you).

Vanquished Creatures
  2 azure jellies (IceCv)
  4 quicksilver oozes (IceCv)
  A death yak (D:8)
  2 two-headed ogres (D:10)
  A death scarab (Gauntlet)
  A boulder beetle (D:10)
  Amaemon (D:9)
  An obsidian statue (Gauntlet)
  A spectral hydra (Gauntlet)
  A deep elf pyromancer (D:11)
  2 ugly things (D:11)
  Joseph (D:9)
  2 ice statues (IceCv)
  2 unseen horrors (D:10)
  Jeremiah (D:8)
  An orange demon (D:9)
  A kobold demonologist (D:11)
  A komodo dragon (Lair:1)
  3 trolls
  A polar bear (D:8)
  A hornet (D:9)
  Prince Ribbit (D:6)
  12 slime creatures (IceCv)
  4 shadows
  A wraith (D:10)
  3 wyverns
  Grum (D:9)
  27 yaks
  A steam dragon (D:7)
  Menkaure (D:7)
  A great orb of eyes simulacrum (IceCv)
  2 acid dragons
  5 water moccasins
  3 ice beasts
  3 sky beasts
  A black bear (D:7)
  12 orc warriors
  2 laughing skulls (Gauntlet)
  3 centaurs
  3 wolves
  2 phantoms
  4 slime creature simulacra (IceCv)
  5 kobold brigands
  A bullfrog (D:7)
  A two-headed ogre simulacrum (D:11)
  3 scorpions
  A glowing shapeshifter simulacrum (IceCv)
  3 killer bees (D:10)
  3 howler monkeys (D:10)
  3 electric eels
  4 bombardier beetles
  A lava snake (D:11)
  3 hounds (D:5)
  2 jellies (D:6)
  Crazy Yiuf (D:4)
  13 orc priests
  14 orc wizards
  A gnoll bouda (D:9)
  5 iguanas
  Natasha (thrice) (D:4)
  A shapeshifter simulacrum (IceCv)
  Terence (D:2)
  A troll simulacrum (D:11)
  A spriggan simulacrum (D:11)
  A centaur simulacrum (D:8)
  7 adders
  2 naga simulacra (D:11)
  3 shadow imps
  2 white imps (D:7)
  5 ufetubi
  3 ribbon worms
  3 dart slugs
  49 orcs
  8 ball pythons
  6 endoplasms
  3 giant cockroaches
  10 goblins
  5 hobgoblins
  6 jackals
  22 kobolds
  6 quokkas
  11 bats
  3 frilled lizards (D:1)
  8 rats
357 creatures vanquished.

Vanquished Creatures (collateral kills)
  2 foxfires (D:1)
2 creatures vanquished.

Vanquished Creatures (others)
  438 foxfires
  48 fulminant prisms
486 creatures vanquished.

Grand Total: 845 creatures vanquished

Notes
Turn   | Place    | Note
-------+----------+-------------------------------------------
     0 | D:1      | Salticid the Djinni Fire Elementalist began the quest for
                  | the Orb.
     0 | D:1      | Salticid set off with the following spells memorised:
                  | Foxfire, Scorch, Volatile Blastmotes, Inner Flame, Flame
                  | Wave.
     0 | D:1      | Reached XP level 1. HP: 15/15 MP: 0/0
   150 | D:1      | Reached XP level 2. HP: 17/22 MP: 0/0
   205 | D:1      | Reached skill level 1 in Fighting
   362 | D:1      | Reached XP level 3. HP: 26/27 MP: 0/0
   362 | D:1      | Learned a level 1 spell: Magic Dart
   553 | D:1      | Found a faded altar of an unknown god.
   649 | D:1      | Reached skill level 2 in Fighting
   675 | D:1      | Found Gitwaul's Magic Scroll Emporium.
   683 | D:1      | Bought a scroll of identify for 26 gold pieces
   957 | D:2      | Reached XP level 4. HP: 28/33 MP: 0/0
  1035 | D:2      | Identified the +3 chain mail of Articulation {Harm rPois
                  | Int+4}
  1194 | D:2      | Found Iskiy's Assorted Antiques.
  1197 | D:2      | Bought a smoky grey potion for 26 gold pieces
  1335 | D:2      | Found Lautah's Assorted Antiques.
  1371 | D:2      | You are sucked into a shaft and drop 1 floor!
  1712 | D:3      | Reached XP level 5. HP: 35/39 MP: 0/0
  1712 | D:3      | Learned a level 2 spell: Static Discharge
  1963 | D:2      | Found a sparkling altar of Nemelex Xobeh.
  2057 | D:2      | Found Qevic's Armour Boutique.
  2064 | D:2      | Bought a +0 helmet for 45 gold pieces
  2071 | D:2      | Noticed Terence
  2078 | D:2      | Killed Terence
  2123 | D:2      | Found Ebruygin's Weapon Shoppe.
  2910 | D:4      | Found a staircase to the Ecumenical Temple.
  2927 | Temple   | Entered the Ecumenical Temple
  2938 | Temple   | Became a worshipper of Makhleb the Destroyer
  2982 | D:4      | Reached XP level 6. HP: 43/45 MP: 0/0
  3031 | D:4      | Reached skill level 3 in Fighting
  3053 | D:4      | Reached skill level 1 in Shields
  3080 | D:4      | Found a runed translucent door.
  3081 | D:4      | Noticed Crazy Yiuf
  3287 | D:4      | Noticed Natasha
  3292 | D:4      | Killed Natasha
  3395 | D:4      | Noticed Natasha
  3406 | D:4      | Killed Natasha
  3458 | D:4      | Noticed Natasha
  3464 | D:4      | Killed Natasha
  3638 | D:4      | Noticed a moth of wrath
  3641 | D:4      | Found a bloodstained altar of Trog.
  3772 | D:5      | Entered Level 5 of the Dungeon
  3784 | D:5      | Found Damiso's Serpentskin Sales.
  3788 | D:5      | Reached skill level 5 in Spellcasting
  3788 | D:5      | Reached skill level 5 in Conjurations
  3788 | D:5      | Reached skill level 5 in Hexes
  3788 | D:5      | Reached skill level 5 in Summonings
  3788 | D:5      | Reached skill level 5 in Necromancy
  3788 | D:5      | Reached skill level 5 in Translocations
  3788 | D:5      | Reached skill level 5 in Fire Magic
  3788 | D:5      | Reached skill level 5 in Ice Magic
  3788 | D:5      | Reached skill level 5 in Air Magic
  3788 | D:5      | Reached skill level 5 in Earth Magic
  3788 | D:5      | Reached skill level 5 in Alchemy
  3791 | D:5      | Bought 3 curare-tipped darts for 39 gold pieces
  3816 | D:5      | Reached skill level 4 in Fighting
  3816 | D:5      | Reached XP level 7. HP: 33/52 MP: 0/0
  3816 | D:5      | Learned a level 3 spell: Passwall
  3904 | D:5      | Found a broken altar of Ashenzari.
  4061 | D:5      | Reached skill level 5 in Fighting
  4338 | D:5      | Reached * piety under Makhleb
  4353 | D:5      | Reached XP level 8. HP: 53/60 MP: 0/0
  4572 | D:5      | Reached skill level 6 in Fighting
  5039 | D:6      | Noticed Prince Ribbit
  5049 | D:6      | Killed Prince Ribbit
  5050 | D:6      | Reached XP level 9. HP: 37/67 MP: 0/0
  5050 | D:6      | Learned a level 3 spell: Frozen Ramparts
  5190 | D:6      | Found a white marble altar of Elyvilon.
  5229 | D:6      | Reached skill level 7 in Fighting
  5956 | D:1      | Bought a scroll of identify for 26 gold pieces
  5956 | D:1      | Bought a scroll of enchant armour for 97 gold pieces
  6070 | D:4      | Killed Crazy Yiuf
  6234 | D:7      | Reached skill level 8 in Fighting
  6323 | D:7      | Noticed a troll
  6337 | D:7      | Killed a troll
  6623 | D:7      | Noticed Menkaure
  6631 | D:7      | Killed Menkaure
  6647 | D:7      | Reached ** piety under Makhleb
  6722 | D:7      | Reached skill level 1 in Invocations
  6722 | D:7      | Reached XP level 10. HP: 55/77 MP: 0/0
  6873 | D:7      | Reached skill level 9 in Fighting
  7350 | D:8      | Noticed Jeremiah
  7367 | D:8      | Killed Jeremiah
  7397 | D:8      | Identified the +0 short sword of Sypsumma {flame, rPois
                  | Int+2}
  7505 | D:8      | Found a sacrificial altar of Ru.
  7695 | D:8      | Found an ornate altar of the Wu Jian Council.
  7792 | D:8      | Reached skill level 10 in Fighting
  7946 | D:8      | Found a glowing silver altar of Zin.
  7946 | D:8      | Noticed an angel
  8062 | D:8      | Reached *** piety under Makhleb
  8106 | D:8      | Noticed a death yak
  8126 | D:8      | Killed a death yak
  8390 | D:8      | Reached XP level 11. HP: 86/86 MP: 0/0
  8390 | D:8      | Learned a level 4 spell: Fulminant Prism
  8577 | D:9      | Noticed Grum
  8596 | D:9      | Reached skill level 11 in Fighting
  8597 | D:9      | Killed Grum
  8786 | D:9      | Noticed Amaemon
  8910 | D:9      | Found a staircase to the Lair.
  9028 | D:9      | Killed Amaemon
  9209 | D:9      | Found Ecvead's Weapon Shop.
  9212 | D:9      | Found Wollepos's Antique Weapon Emporium.
  9297 | D:9      | Reached skill level 1 in Maces & Flails
  9328 | D:9      | Noticed Joseph
  9332 | D:9      | Killed Joseph
  9332 | D:9      | Reached **** piety under Makhleb
  9474 | D:9      | Noticed a deep elf pyromancer
  9479 | D:9      | Noticed Borsukrates's ghost (novice TeSh)
  9492 | D:9      | Found a transporter.
  9619 | D:9      | Found a transporter.
  9827 | D:10     | Entered Level 10 of the Dungeon
  9840 | D:10     | Found an opulent altar of Gozag.
  9944 | D:10     | Found an iron altar of Okawaru.
 10044 | D:10     | Identified the +0 long sword of Lapihisa {holy, +Blink
                  | Str-3 Dex+5}
 10055 | D:10     | Noticed a two-headed ogre
 10067 | D:10     | Killed a two-headed ogre
 10068 | D:10     | Reached skill level 12 in Fighting
 10075 | D:10     | Reached skill level 10 in Spellcasting
 10075 | D:10     | Reached skill level 10 in Conjurations
 10075 | D:10     | Reached skill level 10 in Hexes
 10075 | D:10     | Reached skill level 10 in Summonings
 10075 | D:10     | Reached skill level 10 in Necromancy
 10075 | D:10     | Reached skill level 10 in Translocations
 10075 | D:10     | Reached skill level 10 in Fire Magic
 10075 | D:10     | Reached skill level 10 in Ice Magic
 10075 | D:10     | Reached skill level 10 in Air Magic
 10075 | D:10     | Reached skill level 10 in Earth Magic
 10075 | D:10     | Reached skill level 10 in Alchemy
 10237 | D:10     | Noticed a two-headed ogre
 10255 | D:10     | Killed a two-headed ogre
 10417 | D:10     | Found a basalt altar of Yredelemnul.
 10468 | D:10     | Noticed a boulder beetle
 10473 | D:10     | Killed a boulder beetle
 10474 | D:10     | Reached XP level 12. HP: 91/95 MP: 0/0
 11504 | D:10     | Reached skill level 5 in Invocations
 11614 | D:10     | Found a staircase to the Orcish Mines.
 11872 | D:11     | Found a frozen archway.
 11911 | IceCv    | Entered an ice cave
 11946 | IceCv    | Noticed a quicksilver ooze
 11952 | IceCv    | Killed a quicksilver ooze
 11952 | IceCv    | Reached ***** piety under Makhleb
 11953 | IceCv    | Reached skill level 13 in Fighting
 12239 | IceCv    | Noticed a quicksilver ooze
 12242 | IceCv    | Killed a quicksilver ooze
 12276 | IceCv    | Noticed a quicksilver ooze
 12281 | IceCv    | Killed a quicksilver ooze
 12282 | IceCv    | Reached XP level 13. HP: 50/103 MP: 0/0
 12282 | IceCv    | Learned a level 5 spell: Lee's Rapid Deconstruction
 12598 | IceCv    | Noticed a quicksilver ooze
 12602 | IceCv    | Killed a quicksilver ooze
 12628 | IceCv    | Reached skill level 1 in Long Blades
 12724 | IceCv    | Noticed an azure jelly
 12734 | IceCv    | Killed an azure jelly
 12828 | IceCv    | Noticed an azure jelly
 12843 | IceCv    | Killed an azure jelly
 13147 | IceCv    | Found a viscous altar of Jiyva.
 13168 | IceCv    | Identified the ring "Exicief" {rC+ Str+2}
 14117 | Lair:1   | Entered Level 1 of the Lair of Beasts
 14138 | Lair:1   | Reached skill level 14 in Fighting
 14170 | Lair:1   | Found a gate leading to a gauntlet.
 14187 | Gauntlet | Entered a Gauntlet
 14187 | Gauntlet | Found a transporter.
 14187 | Gauntlet | Found a transporter.
 14189 | Gauntlet | Found a transporter.
 14190 | Gauntlet | Found a transporter.
 14191 | Gauntlet | Found the ring of the Tortoise {AC+8}
 14209 | Gauntlet | Found a transporter.
 14223 | Gauntlet | Found a transporter.
 14224 | Gauntlet | Found a transporter.
 14225 | Gauntlet | Noticed a catoblepas
 14232 | Gauntlet | Found a runed translucent door.
 14235 | Gauntlet | Found a transporter.
 14252 | Gauntlet | Found a transporter.
 14255 | Gauntlet | Found a transporter.
 14275 | Gauntlet | Found a transporter.
 14285 | Gauntlet | Found a transporter.
 14590 | Gauntlet | Identified the ring "Tifichue" {Ice Str+2 Dex+2}
 14629 | Gauntlet | Identified the +6 plate armour of Indecent Exposure {rPois
                  | rCorr Int+4}
 14629 | Gauntlet | Identified the ring of Vepn {Ice Int+4 Slay+3}
 14629 | Gauntlet | Noticed a minotaur
 14644 | Gauntlet | HP: 4/105 [minotaur/+0 battleaxe (27)]
 14649 | Gauntlet | Mangled by a minotaur

Illustrated notes

Levels and vault maps discovered:
D:1:      orjb1_clovarrival, layout_loops_ring, serial_shops, shop,
          shapermc_ecumenical_altar_venn, corexii_corridor_pit
D:2:      layout_loops_corners, serial_shops, shop_statue,
          nicolae_shop_competitors_out_of_business, nicolae_shop_hallway_plus,
          nicolae_shop_tiny_real_fake_doors, basic_altar, uniq_terence
D:3:      layout_basic
D:4:      layout_loops_cross, tgw_trog, minmay_temple_entry_glass,
          uniq_crazy_yiuf_cottage, uniq_natasha
D:5:      kb_forest_paths, layout_basic, evilmike_ruin_ashenzari, st_stairs_13,
          guppyfry_shop_venom
D:6:      layout_rooms, mainiacjoe_overflow_paths, uniq_prince_ribbit1
D:7:      layout_gridville, nicolae_nh_ransacked_shop, uniq_menkaure
D:8:      layout_basic, nicolae_ru_great_annihilating_truth, zin_angel,
          nicolae_overflow_hidden_temple, serial_ice, serial_ice_g,
          serial_ice_m, serial_ice_l, serial_ice_n, dreamdust_princess_corridor,
          uniq_jeremiah
D:9:      layout_loops_ring, dpeg_oklobed_lair, gammafunk_ghost_arena,
          serial_shops, shop, shop, minmay_fractal_squares_gapless_5,
          uniq_amaemon, uniq_grum, uniq_joseph
D:10:     layout_basic, lemuel_doored_altar,
          mainiacjoe_overflow_surrounded_room, lemuel_round_altar, erik_orc_2,
          onia_ninara_cookie
D:11:     layout_long_grid, portal_ice_cave_entry_ice_simulacra, minivault_19,
          minmay_misc_feat_rugged, kennysheep_generic_room_4
D:12:     layout_basic, uniq_sonja
Temple:   nicolae_temple_god_jail
Lair:1:   layout_long_grid, gauntlet_entry_generic, serial_bayou,
          serial_bayou_lake_a, serial_bayou_shore_a, serial_bayou_ford_a,
          serial_bayou_lagoon_b
Gauntlet: minmay_gauntlet_77_indecision [minmay_gauntlet_arena_77_fan,
          minmay_gauntlet_arena_77_broken_ladder, minmay_gauntlet_arena_77_mess,
          minmay_gauntlet_arena_77_p_blocks,
          minmay_gauntlet_arena_77_radiant_squares,
          minmay_gauntlet_arena_77_path, gauntlet_exit_green]

Skill      XL: |  1  2  3  4  5  6  7  8  9 10 11 12 13 |
---------------+----------------------------------------+-----
Fighting       | 1 2 4 5 6 8 10 12 13 14 | 14.1
Spellcasting   | 4 5 6 7 9 10 11 | 11.3
Conjurations   | 4 5 6 7 9 10 11 | 11.3
Hexes          | 4 5 6 7 9 10 11 | 11.3
Summonings     | 4 5 6 7 9 10 11 | 11.3
Necromancy     | 4 5 6 7 9 10 11 | 11.3
Translocations | 4 5 6 7 9 10 11 | 11.3
Fire Magic     | 4 5 6 7 9 10 11 | 11.3
Ice Magic      | 4 5 6 7 9 10 11 | 11.3
Air Magic      | 4 5 6 7 9 10 11 | 11.3
Earth Magic    | 4 5 6 7 9 10 11 | 11.3
Alchemy        | 4 5 6 7 9 10 11 | 11.3
Shields        | 1 3 |  3.1
Invocations    | 1 3 4 5 6 |  6.7
Maces & Flails | 3 4 |  4.0
Dodging        | 4 |  4.0
Long Blades    | 4 |  4.0
Stealth        | |  1.5

Action                     |  1- 3 |  4- 6 |  7- 9 | 10-12 | 13-15 || total
---------------------------+-------+-------+-------+-------+-------++-------
  Melee: Unarmed           |    10 |       |       |       |       ||    10
         Dagger            |     7 |       |       |       |       ||     7
         Short sword       |     1 |    19 |    17 |       |       ||    37
         Falchion          |       |       |     2 |       |       ||     2
         Trident           |       |       |       |    59 |       ||    59
         Demon whip        |       |       |       |    28 |       ||    28
         Demon blade       |       |       |       |       |    33 ||    33
  Throw: Dart              |       |       |       |       |     3 ||     3
   Cast: Foxfire           |    51 |    78 |    86 |    43 |       ||   258
         Scorch            |     4 |     7 |    29 |   105 |     9 ||   154
         Volatile Blastmot |       |     5 |    27 |    45 |    25 ||   102
         Frozen Ramparts   |       |       |     1 |     3 |       ||     4
         Flame Wave        |       |       |       |    35 |     6 ||    41
         Fulminant Prism   |       |       |       |    22 |    26 ||    48
         Lee's Rapid Decon |       |       |       |       |     3 ||     3
         Passwall          |       |       |       |       |     1 ||     1
  Evoke: Wand              |       |       |       |     5 |     1 ||     6
    Use: Scroll            |     2 |     2 |     7 |     6 |     3 ||    20
         Potion            |       |       |       |     3 |     4 ||     7
   Stab: Sleeping          |       |       |     1 |       |       ||     1
 Armour: Robe              |    11 |    15 |    35 |     1 |       ||    62
         Leather armour    |       |       |       |    92 |       ||    92
         Acid dragon scale |       |       |       |    60 |    44 ||   104
         Skin              |       |       |       |    22 |       ||    22
         Scale mail        |       |       |       |    13 |    25 ||    38
  Dodge: Dodged            |    20 |    10 |    18 |    77 |    13 ||   138
  Block: Buckler           |       |     1 |    10 |    32 |     5 ||    48
         Kite shield       |       |       |       |       |    16 ||    16

Table legend: (Time is in decaauts)
 A = Elapsed time spent in this place.
 B = Non-inter-level travel time spent in this place.
 C = Inter-level travel time spent in this place.
 D = Time resting spent in this place.
 E = Time spent auto-exploring this place.
 F = Levels seen in this place.
 G = Mean time per level.
                   A        B        C        D        E       F      G
               +--------+--------+--------+--------+--------+-----+--------+
         Total |  14688 |  13997 |    691 |    842 |  10111 |  16 |  918.0 |
       Dungeon |  12777 |  12086 |    691 |    374 |   9492 |  12 | 1064.8 |
        Temple |     21 |     21 |      0 |      0 |      0 |   1 |   21.0 |
          Lair |     70 |     70 |      0 |      0 |      0 |   1 |   70.0 |
      Ice Cave |   1352 |   1352 |      0 |    330 |    588 |   1 | 1352.0 |
      Gauntlet |    465 |    465 |      0 |    138 |     31 |   1 |  465.0 |
               +--------+--------+--------+--------+--------+-----+--------+

Top non-repeatable levels by time:
    D:10: 1933 daAuts
     D:8: 1653 daAuts
   IceCv: 1352 daAuts
     D:5: 1254 daAuts
     D:2: 1183 daAuts
     D:7: 1091 daAuts
     D:4: 1017 daAuts
     D:9: 1005 daAuts
    D:11: 948 daAuts
     D:1: 914 daAuts
     D:3: 903 daAuts
     D:6: 871 daAuts
Gauntlet: 465 daAuts
  Lair:1: 70 daAuts
  Temple: 21 daAuts
